Rangers vs Penguins
(R1)
Created - October 29, 2018 at 19:34
Goals
|
| Rangers |
0 |
1 |
4 |
5 |
| Penguins |
1 |
2 |
1 |
4 |
|
Shots
|
| Rangers |
8 |
10 |
12 |
30 |
| Penguins |
12 |
7 |
12 |
31 |
|
1st period
1. Penguins , Steven Stamkos 3 (Eric Gryba 1) at 18:53
Penalties :
Stephen Weiss (NYR) for Interference (Minor) at 0:56, Bobby Ryan (Pit) for Roughing (Minor) at 1:00, Steven Stamkos (Pit) for Interference (Minor) at 11:54
2nd period
2. Rangers , Milan Lucic 7 (Sean Couturier 6) at 4:59 (SH)
3. Penguins , Bobby Ryan 2 (Steven Stamkos 8, Andrew Cogliano 4) at 5:17 (PP)
4. Penguins , Steven Stamkos 4 (Keith Aulie 3) at 9:43
Penalties :
Jakob Silfverberg (NYR) for Hooking (Minor) at 3:49, Stephen Weiss (NYR) for Tripping (Minor) at 11:02
3rd period
5. Rangers , Patrice Bergeron 4 (Jakob Silfverberg 5, Cam Barker 3) at 6:31 (PP)
6. Penguins , Bobby Ryan 3 (Steven Stamkos 9, Duncan Keith 3) at 8:36
7. Rangers , James Neal 3 (Jakob Silfverberg 6) at 13:53
8. Rangers , Matt Read 6 (Alex Tanguay 3, Stephen Weiss 8) at 15:24
9. Rangers , Milan Lucic 8 (Jakob Silfverberg 7, Patrice Bergeron 6) at 16:02
Penalties :
Mark Fistric (NYR) for Tripping (Minor) at 1:48, Bobby Ryan (Pit) for Hooking (Minor) at 6:02, Colten Teubert (NYR) for Tripping (Minor) at 11:01, Alex Tanguay (NYR) for Tripping (Minor) at 17:59
Goalie Stats
Braden Holtby (NYR), 27 saves from 31 shots - (0.871), W, 1-1-0, 60:00 minutes
Josh Tordjman (Pit), 25 saves from 30 shots - (0.833), L, 0-2-0, 58:50 minutes
Players Stats for Rangers
Player Name G A P +/- PIM S H SB GA TA FO MP PP MP PK MP
------------------------------------------------------------------------------------
Alex Tanguay 0 1 1 0 2 3 0 0 0 0 0/0 11:48 0:04 1:23
Alexei Emelin 0 0 0 1 0 0 2 0 0 0 0/0 15:21 0:00 2:48
Artem Anisimov 0 0 0 0 0 0 2 0 0 0 2/5 7:50 0:04 0:48
Cam Barker 0 1 1 -1 0 2 0 1 1 2 0/0 28:04 1:40 5:56
Chris Bourque 0 0 0 0 0 2 2 0 0 0 0/0 7:29 0:00 0:38
Colten Teubert 0 0 0 0 2 2 2 0 0 1 0/0 22:05 0:00 2:23
Gustav Nyquist 0 0 0 0 0 2 0 0 0 0 0/0 6:51 0:00 0:00
Jakob Silfverberg 0 3 3 0 2 0 3 1 0 1 0/0 16:40 1:40 0:00
James Neal 1 0 1 0 0 3 1 0 1 1 0/0 15:44 0:52 0:00
Magnus Paajarvi-Svensson 0 0 0 0 0 1 0 1 0 0 0/0 15:32 0:48 0:00
Mark Fistric 0 0 0 1 2 3 1 0 0 1 0/0 21:35 0:52 4:40
Matt Greene 0 0 0 1 0 1 0 4 0 0 0/0 18:41 0:00 3:21
Matt Read 1 0 1 0 0 1 1 1 0 0 1/2 16:25 0:52 5:39
Milan Lucic 2 0 2 1 0 5 3 0 2 0 0/0 19:06 1:40 1:48
Patrice Bergeron 1 1 2 0 0 1 3 4 0 0 9/33 22:34 1:40 5:48
Ryan Suter 0 0 0 0 0 0 0 1 0 0 0/0 11:40 0:00 0:00
Sean Couturier 0 1 1 1 0 4 0 0 0 0 7/15 18:51 0:48 2:32
Stephen Weiss 0 1 1 0 4 0 1 0 0 1 4/9 12:15 1:40 0:08
Players Stats for Penguins
Player Name G A P +/- PIM S H SB GA TA FO MP PP MP PK MP
------------------------------------------------------------------------------------
Andrew Cogliano 0 1 1 2 0 2 0 0 1 0 1/1 22:43 4:18 0:43
Bobby Ryan 2 0 2 2 4 7 3 0 0 0 2/2 22:47 4:17 1:19
Brady Skjei 0 0 0 1 0 0 1 0 0 1 0/0 11:53 0:07 0:00
D.J King 0 0 0 -2 0 0 0 1 0 0 2/2 12:44 0:31 1:36
Dion Phaneuf 0 0 0 -2 0 2 0 3 2 0 0/0 26:58 5:39 1:47
Duncan Keith 0 1 1 0 0 0 1 3 0 0 0/0 21:09 3:42 0:45
Eric Gryba 0 1 1 1 0 0 0 1 0 1 0/0 11:53 0:07 0:00
Josh Jooris 0 0 0 -1 0 1 2 0 0 0 0/0 7:27 0:52 0:00
Keith Aulie 0 1 1 0 0 0 2 0 1 0 0/0 21:09 3:42 0:45
Marcus Foligno 0 0 0 -1 0 1 0 0 0 0 0/0 7:30 0:45 0:00
Max Pacioretty 0 0 0 0 0 2 1 0 0 0 0/0 15:43 4:19 0:00
Mika Zibanejad 0 0 0 -1 0 0 1 0 0 0 2/3 8:49 0:43 0:50
Riley Sheahan 0 0 0 -2 0 2 0 0 0 0 3/8 11:10 0:00 0:00
Ryan Callahan 0 0 0 -2 0 2 1 0 1 0 0/1 10:36 0:00 0:00
Sam Gagner 0 0 0 0 0 2 2 0 0 0 12/17 16:35 4:10 0:00
Sean Zimmerman 0 0 0 -2 0 2 1 3 1 2 0/0 26:58 5:39 1:47
Steve Downie 0 0 0 0 0 1 0 0 1 0 0/0 16:20 4:10 0:06
Steven Stamkos 2 2 4 2 2 7 2 0 0 0 19/30 23:06 4:18 0:30
3 Stars
1 - Steven Stamkos (Pit)
2 - Milan Lucic (NYR)
3 - Patrice Bergeron (NYR)
Power Play
Rangers - 1 on 3 Attempt(s) - 33.33%
Penguins - 1 on 6 Attempt(s) - 16.67%
Penalty Kill
Rangers - 5 on 6 Attempt(s) - 83.33%
- Score 1 goal in Penalty Kill
Penguins - 2 on 3 Attempt(s) - 66.67%
- Score 0 goal in Penalty Kill
Team Stat
Rangers - Hits : 21 - Faceoff Wins : 23 - Blocked Shots : 13 - Penalty Minutes : 12
Penguins - Hits : 17 - Faceoff Wins : 41 - Blocked Shots : 11 - Penalty Minutes : 6
Official
Referees : Unknown
Linesman : Unknown
Game Notes
No Game Note
Finance
Level 1 -- Attendance: 5428 (90.47%) -- Ticket Income $445,096
Level 2 -- Attendance: 4782 (95.64%) -- Ticket Income $215,190
Level 3 -- Attendance: 1868 (93.40%) -- Ticket Income $61,644
Level 4 -- Attendance: 3717 (92.93%) -- Ticket Income $92,925
Luxury Box -- Attendance: 1000 (100.00%) -- Ticket Income $160,000
Game was played at the Igloo.
Total Attendance: 16795 (93.31%)
Total Ticket Income: $974,855
Other Income: $146,228
Total Income: $1,121,083
Rangers
5 vs 5 Forward
Center Left Wing Right Wing Time % Phy DF OF
1 Patrice Bergeron Milan Lucic Jakob Silfverberg 40 1 2 2
2 Sean Couturier Magnus Paajarvi-Svensson James Neal 30 1 2 2
3 Stephen Weiss Alex Tanguay Matt Read 20 1 2 2
4 Artem Anisimov Chris Bourque Gustav Nyquist 10 1 2 2
5 vs 5 Defense
Defense Defense Time % Phy DF OF
1 Cam Barker Colten Teubert 40 1 2 2
2 Mark Fistric Matt Greene 30 1 2 2
3 Alexei Emelin Ryan Suter 20 1 2 2
4 Cam Barker Mark Fistric 10 1 2 2
PowerPlay Forward
Center Left Wing Right Wing Time % Phy DF OF
1 Patrice Bergeron Milan Lucic Jakob Silfverberg 60 1 2 2
2 Sean Couturier Magnus Paajarvi-Svensson James Neal 40 1 2 2
PowerPlay Defense
Defense Defense Time % Phy DF OF
1 Cam Barker Stephen Weiss 60 1 2 2
2 Mark Fistric Matt Read 40 1 2 2
Penalty Kill 4 Players Forward
Center Wing Time % Phy DF OF
1 Patrice Bergeron Matt Read 60 1 2 2
2 Sean Couturier Milan Lucic 40 1 2 2
Penalty Kill 4 Players Defense
Defense Defense Time % Phy DF OF
1 Cam Barker Mark Fistric 60 1 2 2
2 Colten Teubert Matt Greene 40 1 2 2
Penalty Kill - 3 Players Forward
Forward Time % Phy DF OF
1 Jakob Silfverberg 60 1 2 2
2 Patrice Bergeron 40 1 2 2
Penalty Kill - 3 Players Defense
Defense Defense Time % Phy DF OF
1 Colten Teubert Mark Fistric 60 1 2 2
2 Cam Barker Matt Greene 40 1 2 2
4 vs 4 Forward
Center Wing Time % Phy DF OF
1 Patrice Bergeron Milan Lucic 60 1 2 2
2 Jakob Silfverberg Sean Couturier 40 1 2 2
4 vs 4 Defense
Defense Defense Time % Phy DF OF
1 Ryan Suter Colten Teubert 60 1 2 2
2 Alexei Emelin Matt Greene 40 1 2 2
Last Minutes Offensive
Center Left Wing Right Wing Defense Defense
Milan Lucic Patrice Bergeron Jakob Silfverberg Cam Barker Mark Fistric
Last Minutes Defensive
Center Left Wing Right Wing Defense Defense
Milan Lucic Patrice Bergeron Jakob Silfverberg Cam Barker Mark Fistric
Goaltenders
Starting : Braden Holtby
Backup : Frederik Andersen
Extra Forwards
Normal : Milan Lucic, Jakob Silfverberg, Patrice Bergeron - PP : Stephen Weiss, James Neal - PK : Patrice Bergeron
Extra Defensemen
Normal : Mark Fistric, Cam Barker, Matt Greene - PP : Mark Fistric - PK : Mark Fistric, Cam Barker
Penalty Shots
Milan Lucic, Jakob Silfverberg, Patrice Bergeron, Stephen Weiss, James Neal
Scratches
None
Penguins
5 vs 5 Forward
Center Left Wing Right Wing Time % Phy DF OF
1 Steven Stamkos Andrew Cogliano Bobby Ryan 40 0 2 3
2 Sam Gagner Max Pacioretty Steve Downie 30 0 2 3
3 Riley Sheahan D.J King Ryan Callahan 20 0 2 3
4 Mika Zibanejad Marcus Foligno Josh Jooris 10 0 2 3
5 vs 5 Defense
Defense Defense Time % Phy DF OF
1 Dion Phaneuf Sean Zimmerman 44 1 2 2
2 Keith Aulie Duncan Keith 34 1 2 2
3 Eric Gryba Brady Skjei 22 1 2 2
4 Dion Phaneuf Sean Zimmerman 0 1 2 2
PowerPlay Forward
Center Left Wing Right Wing Time % Phy DF OF
1 Steven Stamkos Andrew Cogliano Bobby Ryan 60 0 1 4
2 Sam Gagner Max Pacioretty Steve Downie 40 0 1 4
PowerPlay Defense
Defense Defense Time % Phy DF OF
1 Dion Phaneuf Sean Zimmerman 60 1 1 3
2 Keith Aulie Duncan Keith 40 1 1 3
Penalty Kill 4 Players Forward
Center Wing Time % Phy DF OF
1 Steven Stamkos Bobby Ryan 60 0 4 1
2 Andrew Cogliano Steve Downie 40 0 4 1
Penalty Kill 4 Players Defense
Defense Defense Time % Phy DF OF
1 Dion Phaneuf Sean Zimmerman 60 1 3 1
2 Keith Aulie Duncan Keith 40 1 3 1
Penalty Kill - 3 Players Forward
Forward Time % Phy DF OF
1 Steven Stamkos 60 0 4 1
2 Bobby Ryan 40 0 4 1
Penalty Kill - 3 Players Defense
Defense Defense Time % Phy DF OF
1 Dion Phaneuf Sean Zimmerman 60 1 3 1
2 Keith Aulie Duncan Keith 40 1 3 1
4 vs 4 Forward
Center Wing Time % Phy DF OF
1 Steven Stamkos Bobby Ryan 60 0 2 3
2 Sam Gagner Steve Downie 40 0 2 3
4 vs 4 Defense
Defense Defense Time % Phy DF OF
1 Dion Phaneuf Sean Zimmerman 60 1 2 2
2 Keith Aulie Duncan Keith 40 1 2 2
Last Minutes Offensive
Center Left Wing Right Wing Defense Defense
Steven Stamkos Andrew Cogliano Bobby Ryan Dion Phaneuf Sean Zimmerman
Last Minutes Defensive
Center Left Wing Right Wing Defense Defense
Steven Stamkos Andrew Cogliano Bobby Ryan Dion Phaneuf Sean Zimmerman
Goaltenders
Starting : Josh Tordjman
Backup : Brian Elliott
Extra Forwards
Normal : Steven Stamkos, Sam Gagner, Riley Sheahan - PP : Marcus Foligno, Mika Zibanejad - PK : D.J King
Extra Defensemen
Normal : Dion Phaneuf, Duncan Keith, Eric Gryba - PP : Brady Skjei - PK : Sean Zimmerman, Keith Aulie
Penalty Shots
Steven Stamkos, Bobby Ryan, Andrew Cogliano, Steve Downie, Max Pacioretty
Scratches
Dominic Moore (Healthy), Paul Ranger (Healthy), Riley Armstrong (Healthy)
% Time on Ice - Rangers
Lines # - Real PCT - Wanted PCT - Time Play
Normal Forward
1 - 32% - 40% - 14:43
2 - 32% - 30% - 14:44
3 - 21% - 20% - 9:47
4 - 15% - 10% - 6:51
Normal Defense
1 - 41% - 40% - 18:43
2 - 33% - 30% - 15:16
3 - 23% - 20% - 10:42
4 - 3% - 10% - 1:24
PP Forward
1 - 68% - 60% - 1:44
2 - 32% - 40% - 0:48
PP Defense
1 - 66% - 60% - 1:40
2 - 34% - 40% - 0:52
PK Forward
1 - 81% - 60% - 7:40
2 - 19% - 40% - 1:48
PK Defense
1 - 63% - 60% - 5:56
2 - 37% - 40% - 3:32
PK3 Forward
1 - 0% - 60%
2 - 0% - 40%
PK3 Defense
1 - 0% - 60%
2 - 0% - 40%
44 Forward
1 - 67% - 60% - 1:17
2 - 33% - 40% - 0:38
44 Defense
1 - 50% - 60% - 0:58
2 - 50% - 40% - 0:57
Last Minute Offensive - 0:00
Last Minute Defensive - 0:00
Total
Forward - 60:00
Defense - 60:00
|
% Time on Ice - Penguins
Lines # - Real PCT - Wanted PCT - Time Play
Normal Forward
1 - 38% - 40% - 17:25
2 - 25% - 30% - 11:30
3 - 23% - 20% - 10:36
4 - 14% - 10% - 6:34
Normal Defense
1 - 42% - 44% - 19:19
2 - 34% - 34% - 15:53
3 - 24% - 22% - 10:53
4 - 0% - 0% - 0:00
PP Forward
1 - 46% - 60% - 4:20
2 - 54% - 40% - 5:08
PP Defense
1 - 61% - 60% - 5:46
2 - 39% - 40% - 3:42
PK Forward
1 - 96% - 60% - 2:26
2 - 4% - 40% - 0:06
PK Defense
1 - 70% - 60% - 1:47
2 - 30% - 40% - 0:45
PK3 Forward
1 - 0% - 60%
2 - 0% - 40%
PK3 Defense
1 - 0% - 60%
2 - 0% - 40%
44 Forward
1 - 70% - 60% - 1:21
2 - 30% - 40% - 0:34
44 Defense
1 - 57% - 60% - 1:06
2 - 43% - 40% - 0:49
Last Minute Offensive - 0:00
Last Minute Defensive - 0:00
Total
Forward - 60:00
Defense - 60:00
|
Play by Play
1st period
0:01 of 1st period - Patrice Bergeron wins face-off versus Steven Stamkos in neutral zone.
0:16 of 1st period - Snap shot by Steven Stamkos.
0:16 of 1st period - Stopped by Braden Holtby without a rebound.
0:17 of 1st period - Sean Couturier wins face-off versus Sam Gagner in Rangers zone.
0:25 of 1st period - Icing by Keith Aulie.
0:26 of 1st period - Sam Gagner wins face-off versus Sean Couturier in Penguins zone.
0:42 of 1st period - Backhand shot by James Neal.
0:42 of 1st period - Shot Misses the Net.
0:44 of 1st period - Slapshot by Matt Greene.
0:44 of 1st period - Shot Blocked by Duncan Keith.
0:46 of 1st period - Slapshot by Mark Fistric.
0:46 of 1st period - Deflect By Duncan Keith.
0:46 of 1st period - Stopped by Josh Tordjman without a rebound.
0:47 of 1st period - Riley Sheahan wins face-off versus Stephen Weiss in Penguins zone.
0:47 of 1st period - Riley Sheahan is hit by Stephen Weiss.
0:56 of 1st period - Minor Penalty to Stephen Weiss for Interference.
0:57 of 1st period - Steven Stamkos wins face-off versus Patrice Bergeron in Rangers zone.
1:00 of 1st period - Minor Penalty to Bobby Ryan for Roughing.
1:01 of 1st period - Steven Stamkos wins face-off versus Patrice Bergeron in Penguins zone.
1:16 of 1st period - Steven Stamkos is hit by Patrice Bergeron and loses puck.
1:39 of 1st period - Matt Greene is hit by Steven Stamkos and loses puck.
1:52 of 1st period - Duncan Keith is hit by Milan Lucic and loses puck.
2:47 of 1st period - Andrew Cogliano is hit by Alexei Emelin and loses puck.
2:56 of 1st period - Penalty to Stephen Weiss is over, Stephen Weiss is back on ice.
3:00 of 1st period - Penalty to Bobby Ryan is over, Bobby Ryan is back on ice.
3:07 of 1st period - Snap shot by Alex Tanguay.
3:07 of 1st period - Stopped by Josh Tordjman without a rebound.
3:08 of 1st period - Sean Couturier wins face-off versus Riley Sheahan in Penguins zone.
3:09 of 1st period - Wrist shot by James Neal.
3:09 of 1st period - Shot Misses the Net.
3:21 of 1st period - Snap shot by Riley Sheahan.
3:21 of 1st period - Deflect By Ryan Callahan.
3:21 of 1st period - Stopped by Braden Holtby with a rebound.
3:23 of 1st period - Snap shot by Ryan Callahan.
3:23 of 1st period - Shot Misses the Net.
3:25 of 1st period - Wrist shot by Riley Sheahan.
3:25 of 1st period - Stopped by Braden Holtby with a rebound.
3:40 of 1st period - Slapshot by Duncan Keith.
3:40 of 1st period - Deflect By Marcus Foligno.
3:40 of 1st period - Stopped by Braden Holtby without a rebound.
3:41 of 1st period - Patrice Bergeron wins face-off versus Steven Stamkos in Rangers zone.
3:41 of 1st period - Patrice Bergeron is hit by Keith Aulie.
3:55 of 1st period - Slapshot by Bobby Ryan.
3:55 of 1st period - Stopped by Braden Holtby with a rebound.
3:57 of 1st period - Wrist shot by Steven Stamkos.
3:57 of 1st period - Stopped by Braden Holtby without a rebound.
3:58 of 1st period - Sam Gagner wins face-off versus Stephen Weiss in Rangers zone.
5:13 of 1st period - Wrist shot by Max Pacioretty.
5:13 of 1st period - Stopped by Braden Holtby without a rebound.
5:14 of 1st period - Sam Gagner wins face-off versus Artem Anisimov in Rangers zone.
5:47 of 1st period - Snap shot by Artem Anisimov.
5:47 of 1st period - Shot Misses the Net.
6:25 of 1st period - Backhand shot by Sam Gagner.
6:25 of 1st period - Stopped by Braden Holtby without a rebound.
6:26 of 1st period - Steven Stamkos wins face-off versus Patrice Bergeron in Rangers zone.
6:43 of 1st period - Slapshot by Patrice Bergeron.
6:43 of 1st period - Deflect By Milan Lucic.
6:43 of 1st period - Stopped by Josh Tordjman with a rebound.
7:03 of 1st period - Off-side.
7:04 of 1st period - Patrice Bergeron wins face-off versus Steven Stamkos in neutral zone.
9:35 of 1st period - Keith Aulie is hit by Alexei Emelin and loses puck.
10:37 of 1st period - Josh Jooris is hit by Artem Anisimov and loses puck.
10:57 of 1st period - Bobby Ryan is hit by Jakob Silfverberg and loses puck.
11:10 of 1st period - Wrist shot by Sean Couturier.
11:10 of 1st period - Stopped by Josh Tordjman without a rebound.
11:11 of 1st period - Sam Gagner wins face-off versus Sean Couturier in Penguins zone.
11:26 of 1st period - Slapshot by Max Pacioretty.
11:26 of 1st period - Stopped by Braden Holtby without a rebound.
11:27 of 1st period - Bobby Ryan wins face-off versus Patrice Bergeron in Rangers zone.
11:54 of 1st period - Minor Penalty to Steven Stamkos for Interference.
11:55 of 1st period - D.J King wins face-off versus Patrice Bergeron in Penguins zone.
11:55 of 1st period - D.J King is hit by Patrice Bergeron.
12:06 of 1st period - Snap shot by Milan Lucic.
12:06 of 1st period - Stopped by Josh Tordjman without a rebound.
12:07 of 1st period - D.J King wins face-off versus Patrice Bergeron in Penguins zone.
13:34 of 1st period - Icing by Matt Read.
13:35 of 1st period - Mika Zibanejad wins face-off versus Sean Couturier in Rangers zone.
13:54 of 1st period - Penalty to Steven Stamkos is over, Steven Stamkos is back on ice.
14:05 of 1st period - Wrist shot by Gustav Nyquist.
14:05 of 1st period - Stopped by Josh Tordjman without a rebound.
14:06 of 1st period - Sam Gagner wins face-off versus Artem Anisimov in Penguins zone.
14:06 of 1st period - Sam Gagner is hit by Chris Bourque.
14:19 of 1st period - Wrist shot by Chris Bourque.
14:19 of 1st period - Stopped by Josh Tordjman with a rebound.
14:21 of 1st period - Slapshot by Alexei Emelin.
14:21 of 1st period - Shot Misses the Net.
14:33 of 1st period - Alexei Emelin is hit by Keith Aulie.
14:41 of 1st period - Slapshot by Milan Lucic.
14:41 of 1st period - Shot Misses the Net.
14:51 of 1st period - Wrist shot by D.J King.
14:51 of 1st period - Shot Misses the Net.
15:41 of 1st period - Dion Phaneuf is hit by Jakob Silfverberg and loses puck.
16:04 of 1st period - Slapshot by Cam Barker.
16:04 of 1st period - Stopped by Josh Tordjman without a rebound.
16:05 of 1st period - Sam Gagner wins face-off versus Artem Anisimov in Penguins zone.
16:20 of 1st period - Slapshot by Steve Downie.
16:20 of 1st period - Deflect By Mark Fistric.
16:20 of 1st period - Shot Misses the Net.
16:20 of 1st period - Puck is out of play.
16:21 of 1st period - Steven Stamkos wins face-off versus Patrice Bergeron in Rangers zone.
16:22 of 1st period - Snap shot by Bobby Ryan.
16:22 of 1st period - Stopped by Braden Holtby with a rebound.
16:38 of 1st period - Snap shot by Milan Lucic.
16:38 of 1st period - Shot Misses the Net.
17:16 of 1st period - Wrist shot by Alex Tanguay.
17:16 of 1st period - Shot Blocked by Sean Zimmerman.
17:30 of 1st period - Sean Zimmerman is hit by Artem Anisimov and loses puck.
17:41 of 1st period - Wrist shot by Marcus Foligno.
17:41 of 1st period - Shot Blocked by Ryan Suter.
18:20 of 1st period - Slapshot by Steve Downie.
18:20 of 1st period - Deflect By Sam Gagner.
18:20 of 1st period - Shot Misses the Net.
18:20 of 1st period - Puck is out of play.
18:21 of 1st period - Sam Gagner wins face-off versus Sean Couturier in Rangers zone.
18:22 of 1st period - Snap shot by Max Pacioretty.
18:22 of 1st period - Deflect By Steve Downie.
18:22 of 1st period - Stopped by Braden Holtby without a rebound.
18:23 of 1st period - Sam Gagner wins face-off versus Sean Couturier in Rangers zone.
18:53 of 1st period - Snap shot by Steven Stamkos.
18:53 of 1st period - Goal by Steven Stamkos - Rangers : 0 - Penguins : 1.
18:54 of 1st period - Bobby Ryan wins face-off versus Patrice Bergeron in neutral zone.
19:20 of 1st period - D.J King is hit by Matt Read and loses puck.
19:25 of 1st period - Snap shot by Alex Tanguay.
19:25 of 1st period - Shot Blocked by Dion Phaneuf.
19:27 of 1st period - Slapshot by Matt Read.
19:27 of 1st period - Shot Misses the Net.
19:29 of 1st period - Snap shot by Alex Tanguay.
19:29 of 1st period - Shot Misses the Net.
19:31 of 1st period - Wrist shot by Stephen Weiss.
19:31 of 1st period - Shot Misses the Net.
19:33 of 1st period - Wrist shot by Matt Read.
19:33 of 1st period - Shot Blocked by Sean Zimmerman.
Goals for this period are 0 for Rangers vs 1 for Penguins.
Shots for this period are 8 for Rangers vs 12 for Penguins.
2nd period
0:01 of 2nd period - Steven Stamkos wins face-off versus Patrice Bergeron in neutral zone.
0:01 of 2nd period - Steven Stamkos is hit by Jakob Silfverberg.
0:06 of 2nd period - Duncan Keith is hit by Patrice Bergeron and loses puck.
0:27 of 2nd period - D.J King is hit by Colten Teubert and loses puck.
1:06 of 2nd period - Sean Zimmerman is hit by Chris Bourque and loses puck.
1:25 of 2nd period - Milan Lucic is hit by Bobby Ryan and loses puck.
1:36 of 2nd period - Bobby Ryan is hit by Colten Teubert and loses puck.
3:17 of 2nd period - Wrist shot by Alex Tanguay.
3:17 of 2nd period - Stopped by Josh Tordjman with a rebound.
3:19 of 2nd period - Slapshot by Mark Fistric.
3:19 of 2nd period - Deflect By Duncan Keith.
3:19 of 2nd period - Stopped by Josh Tordjman without a rebound.
3:20 of 2nd period - Andrew Cogliano wins face-off versus Stephen Weiss in Penguins zone.
3:25 of 2nd period - Colten Teubert is hit by Brady Skjei and loses puck.
3:48 of 2nd period - Wrist shot by Sam Gagner.
3:48 of 2nd period - Shot Blocked by Jakob Silfverberg.
3:49 of 2nd period - Minor Penalty to Jakob Silfverberg for Hooking.
3:50 of 2nd period - Patrice Bergeron wins face-off versus Steven Stamkos in Rangers zone.
3:54 of 2nd period - Off-side.
3:55 of 2nd period - Steven Stamkos wins face-off versus Patrice Bergeron in neutral zone.
3:58 of 2nd period - Slapshot by Dion Phaneuf.
3:58 of 2nd period - Shot Blocked by Patrice Bergeron.
4:08 of 2nd period - Snap shot by Steven Stamkos.
4:08 of 2nd period - Shot Misses the Net.
4:10 of 2nd period - Backhand shot by Sean Zimmerman.
4:10 of 2nd period - Deflect By Andrew Cogliano.
4:10 of 2nd period - Stopped by Braden Holtby without a rebound.
4:11 of 2nd period - Steven Stamkos wins face-off versus Patrice Bergeron in Rangers zone.
4:36 of 2nd period - Patrice Bergeron is hit by Sam Gagner and loses puck.
4:59 of 2nd period - Snap shot by Milan Lucic.
4:59 of 2nd period - Goal by Milan Lucic - Rangers : 1 - Penguins : 1.
5:00 of 2nd period - Steven Stamkos wins face-off versus Patrice Bergeron in neutral zone.
5:13 of 2nd period - Slapshot by Bobby Ryan.
5:13 of 2nd period - Shot Blocked by Patrice Bergeron.
5:15 of 2nd period - Wrist shot by Andrew Cogliano.
5:15 of 2nd period - Deflect By Steven Stamkos.
5:15 of 2nd period - Stopped by Braden Holtby with a rebound.
5:17 of 2nd period - Snap shot by Bobby Ryan.
5:17 of 2nd period - Goal by Bobby Ryan - Rangers : 1 - Penguins : 2.
5:18 of 2nd period - Patrice Bergeron wins face-off versus Steven Stamkos in neutral zone.
5:26 of 2nd period - Patrice Bergeron is hit by Steven Stamkos and loses puck.
5:31 of 2nd period - Snap shot by Steven Stamkos.
5:31 of 2nd period - Shot Misses the Net.
5:33 of 2nd period - Wrist shot by Steven Stamkos.
5:33 of 2nd period - Shot Misses the Net.
5:35 of 2nd period - Slapshot by Sean Zimmerman.
5:35 of 2nd period - Deflect By Bobby Ryan.
5:35 of 2nd period - Stopped by Braden Holtby with a rebound.
5:54 of 2nd period - Wrist shot by Ryan Callahan.
5:54 of 2nd period - Shot Blocked by Patrice Bergeron.
5:56 of 2nd period - Snap shot by Ryan Callahan.
5:56 of 2nd period - Stopped by Braden Holtby with a rebound.
5:58 of 2nd period - Slapshot by Dion Phaneuf.
5:58 of 2nd period - Shot Blocked by Matt Greene.
6:08 of 2nd period - Slapshot by Mark Fistric.
6:08 of 2nd period - Stopped by Josh Tordjman with a rebound.
6:10 of 2nd period - Slapshot by Alexei Emelin.
6:10 of 2nd period - Deflect By James Neal.
6:10 of 2nd period - Stopped by Josh Tordjman with a rebound.
6:12 of 2nd period - Wrist shot by Magnus Paajarvi-Svensson.
6:12 of 2nd period - Stopped by Josh Tordjman without a rebound.
6:13 of 2nd period - Sean Couturier wins face-off versus Steven Stamkos in Penguins zone.
6:38 of 2nd period - Slapshot by Sean Couturier.
6:38 of 2nd period - Shot Misses the Net.
7:44 of 2nd period - Alexei Emelin is hit by Duncan Keith and loses puck.
8:03 of 2nd period - Ryan Suter is hit by Bobby Ryan and loses puck.
9:13 of 2nd period - Slapshot by James Neal.
9:13 of 2nd period - Shot Blocked by Duncan Keith.
9:37 of 2nd period - Wrist shot by James Neal.
9:37 of 2nd period - Stopped by Josh Tordjman with a rebound.
9:43 of 2nd period - Snap shot by Steven Stamkos.
9:43 of 2nd period - Goal by Steven Stamkos - Rangers : 1 - Penguins : 3.
9:44 of 2nd period - Sam Gagner wins face-off versus Patrice Bergeron in neutral zone.
10:28 of 2nd period - Icing by Eric Gryba.
10:29 of 2nd period - Mika Zibanejad wins face-off versus Stephen Weiss in Penguins zone.
10:38 of 2nd period - Mark Fistric is hit by Josh Jooris and loses puck.
10:51 of 2nd period - Snap shot by Josh Jooris.
10:51 of 2nd period - Shot Blocked by Matt Greene.
10:53 of 2nd period - Wrist shot by Marcus Foligno.
10:53 of 2nd period - Shot Misses the Net.
10:55 of 2nd period - Snap shot by Mika Zibanejad.
10:55 of 2nd period - Shot Misses the Net.
10:57 of 2nd period - Slapshot by Brady Skjei.
10:57 of 2nd period - Shot Blocked by Matt Greene.
11:02 of 2nd period - Minor Penalty to Stephen Weiss for Tripping.
11:03 of 2nd period - Sam Gagner wins face-off versus Patrice Bergeron in Rangers zone.
13:02 of 2nd period - Penalty to Stephen Weiss is over, Stephen Weiss is back on ice.
15:03 of 2nd period - Stephen Weiss is hit by Mika Zibanejad and loses puck.
17:03 of 2nd period - Josh Jooris is hit by James Neal and loses puck.
18:04 of 2nd period - Sam Gagner is hit by Milan Lucic and loses puck.
18:14 of 2nd period - Icing by Mika Zibanejad.
18:15 of 2nd period - Stephen Weiss wins face-off versus Mika Zibanejad in Penguins zone.
18:16 of 2nd period - Snap shot by Alex Tanguay.
18:16 of 2nd period - Shot Misses the Net.
18:22 of 2nd period - Matt Greene is hit by Josh Jooris and loses puck.
18:41 of 2nd period - Backhand shot by Sean Couturier.
18:41 of 2nd period - Shot Blocked by Duncan Keith.
18:43 of 2nd period - Slapshot by Cam Barker.
18:43 of 2nd period - Deflect By Sean Couturier.
18:43 of 2nd period - Stopped by Josh Tordjman with a rebound.
18:45 of 2nd period - Wrist shot by Magnus Paajarvi-Svensson.
18:45 of 2nd period - Shot Misses the Net.
18:47 of 2nd period - Wrist shot by Matt Greene.
18:47 of 2nd period - Stopped by Josh Tordjman with a rebound.
18:49 of 2nd period - Snap shot by Sean Couturier.
18:49 of 2nd period - Stopped by Josh Tordjman without a rebound.
18:50 of 2nd period - Patrice Bergeron wins face-off versus Sam Gagner in Penguins zone.
19:00 of 2nd period - Icing by Sam Gagner.
19:01 of 2nd period - Sam Gagner wins face-off versus Patrice Bergeron in Penguins zone.
19:14 of 2nd period - Slapshot by Jakob Silfverberg.
19:14 of 2nd period - Shot Misses the Net.
19:39 of 2nd period - Snap shot by Steven Stamkos.
19:39 of 2nd period - Deflect By Bobby Ryan.
19:39 of 2nd period - Stopped by Braden Holtby without a rebound.
19:40 of 2nd period - Steven Stamkos wins face-off versus Sean Couturier in Rangers zone.
19:54 of 2nd period - Icing by Cam Barker.
19:55 of 2nd period - Sean Couturier wins face-off versus Sam Gagner in Rangers zone.
Goals for this period are 1 for Rangers vs 2 for Penguins.
Shots for this period are 10 for Rangers vs 7 for Penguins.
3rd period
0:01 of 3rd period - Steven Stamkos wins face-off versus Patrice Bergeron in neutral zone.
0:04 of 3rd period - Backhand shot by Andrew Cogliano.
0:04 of 3rd period - Stopped by Braden Holtby with a rebound.
0:26 of 3rd period - Stephen Weiss is hit by Sam Gagner and loses puck.
0:59 of 3rd period - Snap shot by Josh Jooris.
0:59 of 3rd period - Stopped by Braden Holtby with a rebound.
1:16 of 3rd period - Wrist shot by James Neal.
1:16 of 3rd period - Shot Blocked by Eric Gryba.
1:34 of 3rd period - Snap shot by Sam Gagner.
1:34 of 3rd period - Stopped by Braden Holtby without a rebound.
1:35 of 3rd period - Sam Gagner wins face-off versus Patrice Bergeron in Rangers zone.
1:46 of 3rd period - Snap shot by Steve Downie.
1:46 of 3rd period - Shot Misses the Net.
1:48 of 3rd period - Minor Penalty to Mark Fistric for Tripping.
1:49 of 3rd period - Steven Stamkos wins face-off versus Patrice Bergeron in Rangers zone.
1:50 of 3rd period - Snap shot by Bobby Ryan.
1:50 of 3rd period - Shot Blocked by Matt Read.
1:52 of 3rd period - Slapshot by Sean Zimmerman.
1:52 of 3rd period - Stopped by Braden Holtby with a rebound.
1:54 of 3rd period - Slapshot by Sean Zimmerman.
1:54 of 3rd period - Stopped by Braden Holtby without a rebound.
1:55 of 3rd period - Patrice Bergeron wins face-off versus Steven Stamkos in Rangers zone.
2:22 of 3rd period - Icing by Sam Gagner.
2:23 of 3rd period - Sean Couturier wins face-off versus Sam Gagner in Penguins zone.
2:30 of 3rd period - Backhand shot by Milan Lucic.
2:30 of 3rd period - Stopped by Josh Tordjman without a rebound.
2:31 of 3rd period - Steven Stamkos wins face-off versus Matt Read in Penguins zone.
3:48 of 3rd period - Penalty to Mark Fistric is over, Mark Fistric is back on ice.
3:55 of 3rd period - Snap shot by D.J King.
3:55 of 3rd period - Deflect By Matt Greene.
3:55 of 3rd period - Shot Misses the Net.
3:55 of 3rd period - Puck is out of play.
3:56 of 3rd period - Artem Anisimov wins face-off versus Ryan Callahan in Rangers zone.
3:56 of 3rd period - Artem Anisimov is hit by Ryan Callahan.
4:01 of 3rd period - Off-side.
4:02 of 3rd period - Sean Couturier wins face-off versus Steven Stamkos in neutral zone.
4:11 of 3rd period - Snap shot by James Neal.
4:11 of 3rd period - Shot Misses the Net.
4:13 of 3rd period - Slapshot by Colten Teubert.
4:13 of 3rd period - Stopped by Josh Tordjman with a rebound.
4:15 of 3rd period - Slapshot by James Neal.
4:15 of 3rd period - Shot Misses the Net.
4:17 of 3rd period - Slapshot by Colten Teubert.
4:17 of 3rd period - Stopped by Josh Tordjman with a rebound.
4:55 of 3rd period - Snap shot by Stephen Weiss.
4:55 of 3rd period - Deflect By D.J King.
4:55 of 3rd period - Shot Misses the Net.
4:55 of 3rd period - Puck is out of play.
4:56 of 3rd period - Sean Couturier wins face-off versus Steven Stamkos in Penguins zone.
5:45 of 3rd period - Slapshot by Chris Bourque.
5:45 of 3rd period - Stopped by Josh Tordjman with a rebound.
5:47 of 3rd period - Wrist shot by Chris Bourque.
5:47 of 3rd period - Shot Misses the Net.
5:49 of 3rd period - Slapshot by Colten Teubert.
5:49 of 3rd period - Shot Misses the Net.
5:51 of 3rd period - Slapshot by Cam Barker.
5:51 of 3rd period - Deflect By Gustav Nyquist.
5:51 of 3rd period - Stopped by Josh Tordjman without a rebound.
5:52 of 3rd period - Artem Anisimov wins face-off versus Steven Stamkos in Penguins zone.
6:02 of 3rd period - Minor Penalty to Bobby Ryan for Hooking.
6:03 of 3rd period - Steven Stamkos wins face-off versus Patrice Bergeron in Penguins zone.
6:13 of 3rd period - Wrist shot by Jakob Silfverberg.
6:13 of 3rd period - Deflect By Milan Lucic.
6:13 of 3rd period - Shot Blocked by Dion Phaneuf.
6:13 of 3rd period - Puck is out of play.
6:14 of 3rd period - Steven Stamkos wins face-off versus Patrice Bergeron in Penguins zone.
6:25 of 3rd period - Slapshot by Cam Barker.
6:25 of 3rd period - Shot Blocked by D.J King.
6:29 of 3rd period - Wrist shot by Jakob Silfverberg.
6:29 of 3rd period - Shot Blocked by Sean Zimmerman.
6:31 of 3rd period - Slapshot by Patrice Bergeron.
6:31 of 3rd period - Goal by Patrice Bergeron - Rangers : 2 - Penguins : 3.
6:32 of 3rd period - Patrice Bergeron wins face-off versus Steven Stamkos in neutral zone.
6:34 of 3rd period - Off-side.
6:35 of 3rd period - Steven Stamkos wins face-off versus Patrice Bergeron in neutral zone.
7:25 of 3rd period - Wrist shot by Sam Gagner.
7:25 of 3rd period - Shot Blocked by Matt Greene.
7:27 of 3rd period - Snap shot by Dion Phaneuf.
7:27 of 3rd period - Stopped by Braden Holtby without a rebound.
7:28 of 3rd period - Riley Sheahan wins face-off versus Patrice Bergeron in Rangers zone.
7:40 of 3rd period - Icing by Duncan Keith.
7:41 of 3rd period - Patrice Bergeron wins face-off versus Riley Sheahan in Penguins zone.
8:16 of 3rd period - Snap shot by Magnus Paajarvi-Svensson.
8:16 of 3rd period - Shot Misses the Net.
8:30 of 3rd period - Slapshot by Bobby Ryan.
8:30 of 3rd period - Shot Misses the Net.
8:32 of 3rd period - Slapshot by Steven Stamkos.
8:32 of 3rd period - Shot Misses the Net.
8:34 of 3rd period - Wrist shot by Bobby Ryan.
8:34 of 3rd period - Stopped by Braden Holtby with a rebound.
8:36 of 3rd period - Snap shot by Bobby Ryan.
8:36 of 3rd period - Goal by Bobby Ryan - Rangers : 2 - Penguins : 4.
8:37 of 3rd period - Steven Stamkos wins face-off versus Patrice Bergeron in neutral zone.
8:50 of 3rd period - Snap shot by Bobby Ryan.
8:50 of 3rd period - Shot Blocked by Cam Barker.
9:04 of 3rd period - Cam Barker is hit by Sean Zimmerman.
9:50 of 3rd period - Slapshot by Dion Phaneuf.
9:50 of 3rd period - Stopped by Braden Holtby with a rebound.
10:41 of 3rd period - Wrist shot by Steve Downie.
10:41 of 3rd period - Shot Blocked by Magnus Paajarvi-Svensson.
11:01 of 3rd period - Minor Penalty to Colten Teubert for Tripping.
11:02 of 3rd period - Steven Stamkos wins face-off versus Patrice Bergeron in Rangers zone.
11:18 of 3rd period - Snap shot by Steven Stamkos.
11:18 of 3rd period - Stopped by Braden Holtby with a rebound.
12:59 of 3rd period - Alexei Emelin is hit by Max Pacioretty and loses puck.
13:01 of 3rd period - Penalty to Colten Teubert is over, Colten Teubert is back on ice.
13:37 of 3rd period - Slapshot by Marcus Foligno.
13:37 of 3rd period - Shot Hit the Post.
13:39 of 3rd period - Slapshot by Eric Gryba.
13:39 of 3rd period - Shot Blocked by Patrice Bergeron.
13:53 of 3rd period - Snap shot by James Neal.
13:53 of 3rd period - Goal by James Neal - Rangers : 3 - Penguins : 4.
13:54 of 3rd period - Steven Stamkos wins face-off versus Sean Couturier in neutral zone.
14:11 of 3rd period - Cam Barker is hit by Bobby Ryan and loses puck.
15:12 of 3rd period - Slapshot by Cam Barker.
15:12 of 3rd period - Stopped by Josh Tordjman with a rebound.
15:20 of 3rd period - Snap shot by Sean Couturier.
15:20 of 3rd period - Stopped by Josh Tordjman without a rebound.
15:21 of 3rd period - Stephen Weiss wins face-off versus Riley Sheahan in Penguins zone.
15:24 of 3rd period - Snap shot by Matt Read.
15:24 of 3rd period - Goal by Matt Read - Rangers : 4 - Penguins : 4.
15:25 of 3rd period - Stephen Weiss wins face-off versus Riley Sheahan in neutral zone.
15:32 of 3rd period - Slapshot by Alex Tanguay.
15:32 of 3rd period - Stopped by Josh Tordjman with a rebound.
16:02 of 3rd period - Snap shot by Milan Lucic.
16:02 of 3rd period - Goal by Milan Lucic - Rangers : 5 - Penguins : 4.
16:03 of 3rd period - Riley Sheahan wins face-off versus Stephen Weiss in neutral zone.
16:10 of 3rd period - Snap shot by Stephen Weiss.
16:10 of 3rd period - Shot Blocked by Dion Phaneuf.
16:42 of 3rd period - Snap shot by Steven Stamkos.
16:42 of 3rd period - Shot Misses the Net.
16:44 of 3rd period - Snap shot by Steven Stamkos.
16:44 of 3rd period - Stopped by Braden Holtby without a rebound.
16:45 of 3rd period - Steven Stamkos wins face-off versus Sean Couturier in Rangers zone.
17:18 of 3rd period - Keith Aulie is hit by Milan Lucic and loses puck.
17:40 of 3rd period - Snap shot by Alex Tanguay.
17:40 of 3rd period - Deflect By Bobby Ryan.
17:40 of 3rd period - Shot Misses the Net.
17:40 of 3rd period - Puck is out of play.
17:41 of 3rd period - Stephen Weiss wins face-off versus Riley Sheahan in Penguins zone.
17:52 of 3rd period - Wrist shot by D.J King.
17:52 of 3rd period - Deflect By Riley Sheahan.
17:52 of 3rd period - Stopped by Braden Holtby with a rebound.
17:59 of 3rd period - Minor Penalty to Alex Tanguay for Tripping.
18:00 of 3rd period - Matt Read wins face-off versus Sam Gagner in Rangers zone.
18:50 of 3rd period - Penguins, Josh Tordjman is pulled from the net.
19:24 of 3rd period - Bobby Ryan is hit by Mark Fistric and loses puck.
19:59 of 3rd period - Penalty to Alex Tanguay is over, Alex Tanguay is back on ice.
Goals for this period are 4 for Rangers vs 1 for Penguins.
Shots for this period are 12 for Rangers vs 12 for Penguins.
Back to the Top